 Dungeon Crawl Stone Soup version 0.28-a0-1206-g193881aaa2 (webtiles) character file.

Game seed: 13513626201990153129

704 bande the Chopper (level 7, -1/44 HPs)
             Began as a Gargoyle Fighter on Dec 21, 2021.
             Slain by Prince Ribbit (8 damage)
             ... on level 5 of the Dungeon.
             The game lasted 00:08:49 (4554 turns).

bande the Chopper (Gargoyle Fighter)                Turns: 4554, Time: 00:08:50

Health: -1/44      AC: 19    Str: 19    XL:     7   Next: 66%
Magic:  0/7        EV:  7    Int:  9    God:
Gold:   188        SH:  6    Dex: 11    Spells: 6/6 levels left

rFire   . . .      SeeInvis .   a - +0 war axe (vamp)
rCold   . . .      Faith    .   c - +1 buckler
rNeg    + . .      Spirit   +   r - +0 chain mail
rPois   ∞          Reflect  .   (no helmet)
rElec   +          Harm     .   q - +0 cloak
rCorr   .          Rampage  .   (no gloves)
Will    .....                   (no boots)
Stlth   ..........              i - amulet of guardian spirit
HPRegen 0.14/turn               b - +4 ring of protection
MPRegen 0.10/turn               (no ring)

@: no status effects
A: sickness immunity, AC +4, negative energy resistance 1, electricity
resistance, torment resistance 1, petrification resistance
a: no special abilities


You were on level 5 of the Dungeon.
You visited 1 branch of the dungeon, and saw 5 of its levels.

You collected 198 gold pieces.
You spent 10 gold pieces at shops.

Inventory:

Hand Weapons
 a - a +0 vampiric war axe (weapon)
 h - a +1 flail of protection
 k - a +0 war axe
Armour
 c - a +1 buckler (worn)
 q - a +0 cloak (worn)
 r - a +0 chain mail (worn)
Jewellery
 b - a +4 ring of protection (left hand)
 i - an amulet of guardian spirit (around neck)
 n - an amulet of reflection
Wands
 f - a wand of flame (45)
Scrolls
 o - a scroll of magic mapping
Potions
 d - a potion of might
 e - 4 potions of flight {unknown}
 g - a potion of heal wounds {unknown}
 j - a potion of attraction {unknown}
 l - 2 potions of lignification {unknown}
 m - 3 potions of resistance


   Skills:
 + Level 4.8 Fighting
 + Level 5.6 Axes
 + Level 4.8 Armour
 - Level 0.1 Dodging
 + Level 0.3 Stealth
 + Level 4.8 Shields


You had 6 spell levels left.
You didn't know any spells.
Your spell library contained the following spells:

 Spells                   Type           Power      Damage    Failure   Level
 Shock                    Conj/Air       0%         1d3       99%         1
 Blink                    Tloc           0%         N/A       100%        2
 Gell's Gravitas          Tloc           0%         N/A       100%        3
 Lesser Beckoning         Tloc           0%         N/A       100%        3
 Swiftness                Air            0%         N/A       100%        3
 Teleport Other           Tloc           0%         N/A       100%        3
 Airstrike                Air            0%         N/A       100%        4
 Manifold Assault         Tloc           0%         N/A       100%        5


Dungeon Overview and Level Annotations

Branches:
Dungeon (5/15)
 Temple: D:4-7

Altars:

Shops:
D:1 =!(**   D:2 ?

Annotations:
D:5 Prince Ribbit


Innate Abilities, Weirdness & Mutations

You are immune to sickness and miasma.
Your stone body is resilient. (AC +4)
You are immune to poison.
You resist negative energy. (rN+)
You are resistant to electric shocks. (rElec)
You are resistant to unholy torment.
You are immune to petrification.


Message History

The gnoll is severely wounded.
You barely miss the gnoll. The gnoll closely misses you.
You block the gnoll's attack.
You barely miss the gnoll.
The gnoll is severely wounded.
You slash the gnoll!
You feel better.
You kill the gnoll!
The killer bee barely misses you. The gnoll hits you with a +0 spear.
The killer bee stings you but does no damage.
Unknown command.
You slash the gnoll!
You feel better.
You kill the gnoll!
You hit the killer bee but do no damage.
The killer bee stings you but does no damage.
You block the killer bee's attack.
Unknown command.
The killer bee stings you.
Prince Ribbit comes into view.
The killer bee stings you but does no damage.
You see here a +0 spear.
Unknown command.
Prince Ribbit gives a loud, deep croak!
You block the killer bee's attack. The killer bee stings you.
You block the killer bee's attack.
Prince Ribbit blinks!
The killer bee stings you!
You see here a +0 spear.
You miss the killer bee. The killer bee barely misses you.
Prince Ribbit blinks!
The killer bee closely misses you.
Prince Ribbit blinks!
The killer bee stings you but does no damage.
You closely miss the killer bee. The killer bee stings you.
Prince Ribbit winks and puckers his lips.
The killer bee stings you but does no damage.
Prince Ribbit hits you.
You barely miss the killer bee. You closely miss Prince Ribbit.
The killer bee barely misses you. Prince Ribbit hits you!
* * * LOW HITPOINT WARNING * * *
The killer bee stings you.
* * * LOW HITPOINT WARNING * * *
Prince Ribbit hits you!
You die...

,,,,* *,,,,,,,,,,* ,,,,*
*,,,,,,,,,,* ,,,,* #############
********+***
*######...........##### *,* *
##....................#*** *,* *
..............).......#,,****,* *
........#########.....#,,,,**,* *
....†####.......###..##,,,,,*,* *
...###,,........@....#,,,,,,,,* *
...#,,,,.....)..yF)..#,,,,,,,,* *
...#,,,,.....§.....###,,,,,,,,***
..##,,**#.......####,,,,,,,,*,,,,
..#,,,,,#########,,,,,,,,,,**,***
..#,,,,,,,,,,,,,,,,,,,,,,***,,***
###,,,,,,,,,,,,,,,,,,,,***,,,,**,
*****,,,,,,,,,,,******,,,**,**,
######*************,,,,,,****,**,


You could see Prince Ribbit and a killer bee.

Vanquished Creatures
  A phantom (D:4)
  A kobold brigand (D:5)
  A bullfrog (D:4)
  A scorpion (D:5)
  A centaur zombie (D:5)
  A gnoll shaman (D:5)
  An orc priest (D:4)
  A bullfrog skeleton (D:4)
  A hound (D:2)
  Terence (D:2)
  Natasha (D:2)
  An orc wizard (D:4)
  4 gnolls (D:5)
  7 adders
  3 worms
  3 dart slugs
  3 orcs
  10 endoplasms
  3 giant cockroaches
  10 goblins
  7 hobgoblins
  6 jackals (D:1)
  3 quokkas
  7 ball pythons
  4 bats
  10 kobolds
  9 rats
101 creatures vanquished.

Vanquished Creatures (others)
  12 plants (D:2)
12 creatures vanquished.

Grand Total: 113 creatures vanquished

Notes
Turn   | Place    | Note
-------+----------+-------------------------------------------
     0 | D:1      | bande the Gargoyle Fighter began the quest for the Orb.
     0 | D:1      | Reached XP level 1. HP: 14/14 MP: 1/1
   306 | D:1      | Reached XP level 2. HP: 19/19 MP: 2/2
   432 | D:1      | Found Helikkir's Jewellery Shop.
   534 | D:1      | Found Hisona's Distillery.
   539 | D:1      | Bought a potion of degeneration for 10 gold pieces
   668 | D:1      | Reached skill level 2 in Axes
   735 | D:1      | Found Viegupt's General Store.
   782 | D:1      | Reached XP level 3. HP: 23/23 MP: 3/3
   920 | D:1      | Found Zunuely's Weapon Shoppe.
  1010 | D:1      | Found Wifen's General Store.
  1289 | D:2      | HP: 1/23 [hound (1)]
  1291 | D:2      | Reached XP level 4. HP: 2/28 MP: 1/4
  1307 | D:1      | HP: 1/28 [adder (3)]
  1824 | D:2      | Noticed Terence
  1851 | D:2      | Reached skill level 3 in Axes
  1866 | D:2      | Killed Terence
  1867 | D:2      | Reached XP level 5. HP: 7/33 MP: 1/5
  2120 | D:2      | Noticed Natasha
  2130 | D:2      | Killed Natasha
  2283 | D:2      | Found a faded altar of an unknown god.
  3054 | D:2      | Found Ytuh's Magic Scroll Shop.
  3619 | D:4      | Reached XP level 6. HP: 35/38 MP: 6/6
  3646 | D:4      | Reached skill level 4 in Axes
  4143 | D:4      | Reached XP level 7. HP: 40/44 MP: 5/7
  4325 | D:5      | Entered Level 5 of the Dungeon
  4347 | D:5      | Reached skill level 5 in Axes
  4549 | D:5      | Noticed Prince Ribbit
  4554 | D:5      | Slain by Prince Ribbit

Illustrated notes

Levels and vault maps discovered:
D:1:      erik_arrival_orb_chamber, layout_basic, serial_shops, shop, shop,
          nicolae_shop_hallway_plus, shop_statue, shop_fountains,
          nrook_loot_triangle, corexii_hall_statues_s, eino_curves_02
D:2:      layout_basic, serial_shops, shop, dilly_ecumenical_altar_fadedgnrine,
          minmay_tetromino_i4, uniq_natasha, uniq_terence
D:3:      layout_basic
D:4:      layout_loops_ring
D:5:      kennysheep_spiral_hall, layout_basic,
          lemuel_mausoleum_altar_kikubaaqudgha, corexii_shack, hex_tiny,
          chequers_serial_rivers_room_b, uniq_prince_ribbit1

Skill      XL: |  1  2  3  4  5  6  7 |
---------------+----------------------+-----
Axes           | 2 3 4 5 |  5.6
Shields        | 4 |  4.8
Armour         | 4 |  4.8
Fighting       | 4 |  4.8
Dodging        | |  0.1
Stealth        | |  0.3

Action                   |  1- 3 |  4- 6 |  7- 9 || total
-------------------------+-------+-------+-------++-------
Melee: War axe           |    91 |   286 |    58 ||   435
  Use: Scroll            |     3 |     5 |     1 ||     9
Armor: Scale mail        |    69 |   100 |       ||   169
       Chain mail        |       |    58 |    55 ||   113
Dodge: Dodged            |    48 |   124 |    29 ||   201
Block: Buckler           |    27 |    87 |    28 ||   142

Table legend: (Time is in decaauts)
 A = Elapsed time spent in this place.
 B = Non-inter-level travel time spent in this place.
 C = Inter-level travel time spent in this place.
 D = Time resting spent in this place.
 E = Time spent auto-exploring this place.
 F = Levels seen in this place.
 G = Mean time per level.
                   A        B        C        D        E       F      G
               +--------+--------+--------+--------+--------+-----+--------+
         Total |   4710 |   4710 |      0 |    905 |   2698 |   5 |  942.0 |
       Dungeon |   4710 |   4710 |      0 |    905 |   2698 |   5 |  942.0 |
               +--------+--------+--------+--------+--------+-----+--------+

Top non-repeatable levels by time:
     D:1: 1702 daAuts
     D:2: 1225 daAuts
     D:4: 783 daAuts
     D:3: 757 daAuts
     D:5: 241 daAuts
